 Dungeon Crawl Stone Soup version 0.30-b1-2-g02819fbbbe (webtiles) character file.

Game seed: 12269068753760723985

3210 LLlMATKO the Fighter (level 9, -1/123 HPs)
             Began as a Minotaur Berserker on May 29, 2023.
             Was an Elder of Trog.
             Slain by a sixfirhy (10 damage)
             ... summoned by a kobold demonologist
             ... on level 7 of the Dungeon.
             The game lasted 00:05:37 (6539 turns).

LLlMATKO the Fighter (Minotaur Berserker)           Turns: 6539, Time: 00:05:37

Health: -1/123     AC:  9    Str: 23    XL:     9   Next: 65%
Magic:  8/8        EV: 13    Int:  4    God:    Trog [****..]
Gold:   500        SH:  5    Dex: 13    Spells: 8/8 levels left

rFire   + . .        y - +3 war axe
rCold   . . .        n - +0 buckler
rNeg    . . .        q - +1 ring mail {rPois}
rPois   +            (helmet restricted)
rElec   .            j - +0 cloak
rCorr   .            (no gloves)
SInv    .            (no boots)
Will    ++...        (no amulet) Stlth
                     A - ring "Nudol" {Wiz rF+}
HPRegen 1.40/turn    (no ring)
MPRegen 0.11/turn

%: wizardry (x1)
@: berserking (expiring), strong-willed, regenerating, very quick
A: horns 2, retaliatory headbutt
a: Renounce Religion, Berserk, Trog's Hand, Brothers in Arms


You were on level 7 of the Dungeon.
You worshipped Trog.
Trog was greatly pleased with you.
You visited 1 branch of the dungeon, and saw 7 of its levels.

You collected 500 gold pieces.

Inventory:

Hand Weapons
 y - a +3 war axe (weapon)
Missiles
 e - 5 atropa-tipped darts (quivered)
 r - 2 poisoned darts
 w - 3 boomerangs
Armour
 j - a +0 cloak (worn)
 n - a +0 buckler (worn)
 q - a +1 ring mail of poison resistance (worn)
Jewellery
 A - the ring "Nudol" (left hand) {Wiz rF+}
   (You found it on level 7 of the Dungeon)

   [ring of wizardry]

   It improves your spell success rate.
   rF:        It protects you from fire.
Scrolls
 c - 2 scrolls of enchant armour {unknown}
 d - 7 scrolls of identify {unknown}
 f - 4 scrolls of amnesia {unknown}
 g - 2 scrolls of enchant weapon {unknown}
 h - 3 scrolls of teleportation {unknown}
 i - 2 scrolls of fog {unknown}
 l - a scroll of silence {unknown}
 m - a scroll of immolation {unknown}
 u - a scroll of magic mapping {unknown}
 B - a scroll of torment {unknown}
Potions
 a - a potion of mutation {unknown}
 b - a potion of might {unknown}
 k - a potion of degeneration {unknown}
 o - 2 potions of heal wounds {unknown}
 p - 2 potions of ambrosia {unknown}
 s - a potion of attraction {unknown}
 t - a potion of haste {unknown}
 v - a potion of invisibility {unknown}
 x - 2 potions of curing {unknown}
 z - a potion of flight {unknown}


   Skills:
 + Level 8.3 Fighting
 + Level 8.3 Axes
 + Level 7.8 Armour
 + Level 7.1 Dodging
 + Level 6.6 Shields


You had 8 spell levels left.
You didn't know any spells.
Your spell library was empty.

Dungeon Overview and Level Annotations

Branches:
Dungeon (7/15)             Temple (0/1) D:5

Altars:
Gozag
Nemelex Xobeh
Wu Jian
Yredelemnul

Annotations:
D:7 1 runed translucent door, steph's ghost, novice DjFE


Innate Abilities, Weirdness & Mutations

You have a pair of horns on your head.
You reflexively headbutt those who attack you in melee.


Message History

The kobold demonologist is severely wounded.
You slash the kobold brigand!
You kill the kobold brigand!
Trog accepts your kill.
You barely miss the kobold. You hit the ice devil.
Unknown command.
Unknown command.
Unknown command.
You slash the kobold demonologist!
You feel the power of Trog in you as your rage grows.
You kill the kobold demonologist!
Trog accepts your kill.
Trog appreciates your killing of a magic user.
The crimson imp disappears in a puff of smoke!
The ufetubus disappears in a puff of smoke!
The ice devil disappears in a puff of smoke!
You hit the kobold.
You kill the kobold!
Trog accepts your kill.
You can now call in reinforcements.
The kobold demonologist gestures wildly while chanting.
Your Dodging skill increases to level 7!
The sixfirhy hits you but does no damage.
The kobold demonologist casts a spell.
Items here: ( )) †.
You slash the kobold demonologist!
The kobold demonologist is severely wounded.
You hit the sixfirhy. The sixfirhy barely misses you. x2
The sixfirhy misses you.
Unknown command.
Unknown command.
You miss the kobold demonologist.
The kobold demonologist is severely wounded.
You miss the sixfirhy. The sixfirhy hits you.
* * * LOW HITPOINT WARNING * * *
The sixfirhy shocks you!
* * * LOW HITPOINT WARNING * * *
The sixfirhy hits you.
* * * LOW HITPOINT WARNING * * *
The sixfirhy shocks you!
You die...

... ... ...... ...
.....# .... .....##
.... ....... ....
#####....... ...
#......5.... ...
#..3........ ###
#######.)§@K....#
#######.........)######
...............).#
.................#
........†........#
......>.####.....#
#.......# #........
#.......# #.........
#.......## ..........


You could see a kobold demonologist, a sixfirhy (summoned) and a white imp
(summoned).

Vanquished Creatures
  A gargoyle (D:7)
  A kobold demonologist (D:7)
  2 steam dragons (D:6)
  A water moccasin (D:7)
  2 black bears
  3 ogres
  A centaur (D:7)
  A phantom (D:5)
  2 kobold brigands (D:7)
  7 scorpions
  9 wights (D:6)
  A centaur zombie (D:4)
  A jelly (D:6)
  An orc priest (D:6)
  5 hounds
  3 iguanas
  3 orc wizards
  2 hound zombies (D:4)
  3 gnolls (D:2)
  11 adders
  A shadow imp (D:5)
  2 white imps
  2 adder zombies (D:4)
  2 worms
  8 dart slugs
  11 orcs
  5 ball pythons
  8 endoplasms
  A giant cockroach (D:2)
  5 goblins
  5 hobgoblins
  11 jackals
  6 quokkas
  7 bats
  6 frilled lizards
  11 kobolds
  3 rats
154 creatures vanquished.

Notes
Turn   | Place    | Note
-------+----------+-------------------------------------------
     0 | D:1      | LLlMATKO the Minotaur Berserker began the quest for the
                  | Orb.
     0 | D:1      | Reached XP level 1. HP: 19/19 MP: 0/0
   231 | D:1      | Reached XP level 2. HP: 26/27 MP: 1/1
   313 | D:1      | Found a faded altar of an unknown god.
   447 | D:1      | Reached XP level 3. HP: 18/33 MP: 2/2
   514 | D:1      | Reached ** piety under Trog
   983 | D:2      | Reached XP level 4. HP: 28/40 MP: 3/3
  2092 | D:3      | Reached XP level 5. HP: 47/47 MP: 4/4
  2223 | D:3      | Found an opulent altar of Gozag.
  2767 | D:3      | Reached *** piety under Trog
  2811 | D:3      | Noticed a black bear
  2819 | D:3      | Killed a black bear
  2820 | D:3      | Reached skill level 5 in Fighting
  2820 | D:3      | Reached skill level 5 in Axes
  2820 | D:3      | Reached skill level 1 in Shields
  2820 | D:3      | Reached XP level 6. HP: 52/56 MP: 5/5
  3124 | D:4      | Found a basalt altar of Yredelemnul.
  3555 | D:4      | Reached XP level 7. HP: 48/61 MP: 6/6
  4073 | D:4      | Reached skill level 5 in Armour
  4180 | D:5      | Entered Level 5 of the Dungeon
  4388 | D:5      | Reached skill level 5 in Dodging
  4486 | D:5      | Reached XP level 8. HP: 53/70 MP: 7/7
  4606 | D:5      | Identified the +3 scale mail of Fun {Dex+3}
  4982 | D:5      | Found a staircase to the Ecumenical Temple.
  5511 | D:6      | Identified the +4 ring mail of Dramatic Exits {Int+5}
  5558 | D:6      | Reached skill level 5 in Shields
  5619 | D:6      | Reached **** piety under Trog
  5675 | D:6      | Reached XP level 9. HP: 30/79 MP: 8/8
  5948 | D:6      | Found a sparkling altar of Nemelex Xobeh.
  5976 | D:6      | Found an ornate altar of the Wu Jian Council.
  6228 | D:7      | Found a runed translucent door.
  6230 | D:7      | Noticed steph's ghost (novice DjFE)
  6240 | D:7      | Identified the ring "Nudol" {Wiz rF+}
  6518 | D:7      | Noticed a gargoyle
  6520 | D:7      | Noticed a kobold demonologist
  6521 | D:7      | Noticed a kobold demonologist
  6525 | D:7      | Noticed an ice devil
  6528 | D:7      | Killed a gargoyle
  6536 | D:7      | Killed a kobold demonologist
  6537 | D:7      | Noticed a sixfirhy
  6539 | D:7      | Slain by a sixfirhy

Illustrated notes

Levels and vault maps discovered:
D:1:      elethiomel_arrival_shortcut, layout_loops_ring,
          hellmonk_ecumenical_altar_dog_temple, hangedman_feature_mirror
D:2:      layout_loops_ring, serial_rivers, chequers_serial_rivers_micro_d,
          chequers_serial_rivers_large_b, chequers_serial_rivers_small_a,
          chequers_serial_rivers_small_a, chequers_serial_rivers_large_a,
          chequers_serial_rivers_micro_e, kennysheep_generic_room_10
D:3:      minmay_chambers_of_twos, layout_basic, grunt_gozag_breadcrumbs
D:4:      layout_cave_pods, nicolae_yredelemnul_corpse_copse,
          hangedman_abyss_or_decor_stagger
D:5:      layout_gridville, minmay_temple_entry_fiery
D:6:      cheibrodos_steamvent, layout_basic, mainiacjoe_overflow_big_doors
D:7:      layout_basic, hellmonk_ghost_happy_afterlife

Skill      XL: |  1  2  3  4  5  6  7  8  9 |
---------------+----------------------------+-----
Fighting       | 4 5 6 7 8 |  8.3
Axes           | 4 5 6 7 8 |  8.3
Armour         | 3 4 5 6 7 |  7.8
Dodging        | 3 4 5 6 7 |  7.1
Shields        | 1 2 3 5 6 |  6.6

Action                     |  1- 3 |  4- 6 |  7- 9 || total
---------------------------+-------+-------+-------++-------
  Melee: Hand axe          |    86 |    39 |       ||   125
         Headbutt          |     7 |    18 |    31 ||    56
         Punch             |     1 |       |       ||     1
         War axe           |       |    82 |   167 ||   249
 Invoke: Berserk           |     1 |     1 |     4 ||     6
         Trog's Hand       |       |       |     1 ||     1
   Stab: Sleeping          |     2 |       |       ||     2
 Armour: Animal skin       |    25 |    15 |       ||    40
         Ring mail         |       |    28 |    81 ||   109
  Dodge: Dodged            |    47 |    68 |   131 ||   246
  Block: Buckler           |       |    13 |    44 ||    57
